[ AOE2 MATCH · #477888564 ]
Team RMTurks vs Italians
[ REPLAY ANALYSIS · EXTRACTED FROM THE RECORDED GAME ]
Feudal
13:04
Castle
26:57
Imperial
—
| APM avg | 14.8 |
| APM peak | 156 |
| eAPM avg | 11.3 |
| Villagers / military | 70 / 30 |
Focus
⚔️ 17.1% · 🌾 82.9%
Scout Cavalry ×10 · Janissary ×9 · Militia ×6 · Battering Ram ×4 · Monk ×1
Feudal
10:43
Castle
24:21
Imperial
—
| APM avg | 17.6 |
| APM peak | 31 |
| eAPM avg | 12.0 |
| Villagers / military | 78 / 81 |
Focus
⚔️ 22.8% · 🌾 77.2%
Knight ×61 · Militia ×9 · Battering Ram ×6 · Petard ×2 · Tarkan ×2 · Mangonel ×1
Feudal
14:31
Castle
21:02
Imperial
—
| APM avg | 16.5 |
| APM peak | 51 |
| eAPM avg | 8.3 |
| Villagers / military | 69 / 16 |
Focus
⚔️ 25.8% · 🌾 74.2%
Skirmisher ×6 · Mangonel ×5 · Ballista Elephant ×3 · Monk ×1 · Battle Elephant ×1
Feudal
11:22
Castle
16:28
Imperial
—
| APM avg | 31.6 |
| APM peak | 93 |
| eAPM avg | 18.5 |
| Villagers / military | 148 / 67 |
Focus
⚔️ 20.5% · 🌾 79.5%
Genoese Crossbowman ×59 · Battering Ram ×8
Feudal
21:52
Castle
33:40
Imperial
—
| APM avg | 18.0 |
| APM peak | 61 |
| eAPM avg | 8.5 |
| Villagers / military | 47 / 18 |
Focus
⚔️ 22.8% · 🌾 77.2%
Spearman ×14 · Scout Cavalry ×4
Feudal
20:19
Castle
34:52
Imperial
—
| APM avg | 37.0 |
| APM peak | 86 |
| eAPM avg | 17.0 |
| Villagers / military | 101 / 31 |
Focus
⚔️ 23.5% · 🌾 76.5%
Archer ×27 · Battering Ram ×3 · Spearman ×1
Feudal
16:03
Castle
20:35
Imperial
—
| APM avg | 24.0 |
| APM peak | 74 |
| eAPM avg | 11.3 |
| Villagers / military | 73 / 29 |
Focus
⚔️ 24.3% · 🌾 75.7%
Mameluke ×21 · Camel Scout ×5 · Trade Cart ×2 · Battering Ram ×2 · Monk ×1
Feudal
18:29
Castle
23:18
Imperial
—
| APM avg | 25.4 |
| APM peak | 83 |
| eAPM avg | 15.3 |
| Villagers / military | 97 / 60 |
Focus
⚔️ 28.8% · 🌾 71.2%
Hand Cannoneer ×33 · Skirmisher ×27
Match map
Initial resources + every placement click. Lines = walls · curves = elevation contours. ◆ gold · ⬟ stone · ● berries · ✦ relic · ◌ wall gap
Your base· ✓ Closed at 26:57 · 47t walls · 3 gate(s) · fragile
740784354's base· ✓ Closed at 24:21 · 6t walls · 1 gate(s)
Manav711's base· ✓ Closed at 21:02 · 23t walls · 1 gate(s)
阿家's base· ✓ Closed at 16:28 · 0t walls · no gate
chefammann's base· ✓ Closed at 33:40 · 97t walls · 3 gate(s) · fragile
shinyihe0311's base· ✓ Closed at 34:52 · 59t walls · 1 gate(s)
90_Archer's base· ✓ Closed at 20:35 · 45t walls · no gate
diorky86's base· ✓ Closed at 23:18 · 16t walls · fragile
Smoothed initial terrain · ◌ = detected wall gap · hover for details
Inputs per minute
— BERLUj - - 740784354
Build order — BERLUj
114 actions detected in the replay
| 0:02 | Research | Loom |
| 0:03 | Create | Villager (Male) ×4 |
| 0:03 | Create | Villager (Male) ×4 |
| 0:26 | Build | Palisade Wall |
| 0:28 | Build | Palisade Wall |
| 1:07 | Build | House |
| 1:08 | Build | House |
| 1:09 | Build | House |
| 1:44 | Build | Palisade Wall |
| 1:46 | Build | Palisade Wall |
| 3:46 | Create | Villager (Male) |
| 4:16 | Create | Villager (Male) |
| 4:52 | Create | Villager (Male) |
| 5:27 | Create | Villager (Male) |
| 5:27 | Create | Villager (Male) |
| 5:27 | Create | Villager (Male) |
| 6:16 | Create | Villager (Male) |
| 6:16 | Create | Villager (Male) |
| 6:16 | Create | Villager (Male) |
| 6:21 | Build | House |
| 6:22 | Build | House |
| 6:24 | Build | House |
| 7:47 | Create | Villager (Male) ×4 |
| 7:47 | Create | Villager (Male) ×4 |
| 7:55 | Build | Lumber Camp |
| 9:39 | Build | Mining Camp |
| 10:54 | Research | Feudal Age |
| 10:58 | Build | Mill |
| 12:28 | Build | Barracks |
| 13:04 | Age | Feudal Age |
| 13:25 | Create | Villager (Male) ×5 |
| 14:03 | Create | Militia ×2 |
| 14:11 | Build | Farm |
| 14:28 | Create | Militia |
| 15:31 | Build | Stone Wall |
| 15:34 | Build | Stone Wall |
| 15:37 | Build | Gate |
| 15:38 | Build | Gate |
| 15:39 | Build | Gate |
| 15:48 | Build | Mining Camp |
| 15:55 | Create | Villager (Male) ×3 |
| 15:55 | Create | Villager (Male) ×3 |
| 15:56 | Create | Villager (Male) |
| 15:56 | Create | Villager (Male) |
| 16:28 | Create | Villager (Male) |
| 16:29 | Create | Villager (Male) |
| 17:15 | Build | Market |
| 17:22 | Build | Mining Camp |
| 17:33 | Build | Blacksmith |
| 17:39 | Build | Stable |
| 17:40 | Build | Stable |
| 18:09 | Build | Mill |
| 18:35 | Research | Man-at-Arms (upgrade) |
| 18:36 | Create | Militia ×3 |
| 19:18 | Build | House |
| 19:19 | Build | House |
| 19:21 | Build | House |
| 19:26 | Build | House |
| 20:07 | Create | Villager (Male) ×5 |
| 21:25 | Build | Farm |
| 21:26 | Build | Farm |
| 21:28 | Build | Farm |
| 21:31 | Build | Farm |
| 21:33 | Build | Farm |
| 21:34 | Build | Farm |
| 21:37 | Build | Farm |
| 21:41 | Build | Farm |
| 22:18 | Build | Farm |
| 23:07 | Build | Farm |
| 24:17 | Research | Castle Age |
| 24:36 | Research | Double-Bit Axe |
| 26:14 | Research | Horse Collar |
| 26:15 | Research | Gold Mining |
| 26:16 | Research | Stone Mining |
| 26:56 | Research | Wheelbarrow |
| 26:57 | Age | Castle Age |
| 27:06 | Build | Castle |
| 27:12 | Build | Monastery |
| 27:16 | Build | University |
| 27:24 | Build | Siege Workshop |
| 27:46 | Research | Forging |
| 27:50 | Create | Villager (Male) |
| 27:51 | Create | Villager (Male) |
| 27:52 | Create | Villager (Male) |
| 27:52 | Create | Villager (Male) |
| 27:58 | Create | Monk |
| 29:02 | Create | Janissary ×3 |
| 29:20 | Build | Farm |
| 29:45 | Build | Town Center |
| 30:15 | Create | Janissary ×5 |
| 30:16 | Create | Janissary |
| 30:47 | Build | Town Center |
| 30:51 | Create | Villager (Male) ×3 |
| 31:30 | Create | Villager (Male) ×3 |
| 31:30 | Create | Villager (Male) ×3 |
| 31:49 | Create | Villager (Male) |
| 31:49 | Create | Villager (Male) |
| 33:07 | Create | Villager (Male) ×5 |
| 33:12 | Create | Villager (Male) |
| 33:17 | Build | Farm |
| 33:20 | Build | Farm |
| 33:27 | Create | Villager (Male) ×2 |
| 33:27 | Create | Villager (Male) ×2 |
| 33:49 | Create | Battering Ram |
| 33:49 | Create | Battering Ram |
| 34:00 | Build | Farm |
| 34:51 | Research | Ballistics |
| 35:13 | Build | Castle |
| 35:19 | Research | Bow Saw |
| 35:27 | Research | Heavy Plow |
| 35:51 | Create | Battering Ram |
| 35:51 | Create | Battering Ram |
| 36:02 | Create | Scout Cavalry ×5 |
| 36:02 | Create | Scout Cavalry ×5 |
Build order — 740784354
First 150 of 190 actions detected
| 0:11 | Create | Villager (Male) |
| 0:11 | Create | Villager (Male) |
| 0:11 | Create | Villager (Male) |
| 0:12 | Create | Villager (Male) |
| 1:30 | Create | Villager (Male) |
| 2:02 | Create | Villager (Male) |
| 2:03 | Create | Villager (Male) |
| 2:27 | Create | Villager (Male) |
| 2:56 | Create | Villager (Male) |
| 2:57 | Create | Villager (Male) |
| 3:38 | Create | Villager (Male) |
| 3:38 | Create | Villager (Male) |
| 4:23 | Create | Villager (Male) |
| 4:32 | Build | Mill |
| 4:51 | Build | Lumber Camp |
| 4:55 | Create | Villager (Male) |
| 5:06 | Create | Villager (Male) |
| 5:26 | Create | Villager (Male) |
| 5:26 | Create | Villager (Male) |
| 5:46 | Create | Villager (Male) |
| 6:09 | Research | Loom |
| 7:01 | Create | Villager (Male) |
| 7:02 | Create | Villager (Male) |
| 8:02 | Create | Villager (Male) |
| 8:33 | Research | Feudal Age |
| 9:15 | Create | Villager (Male) |
| 9:15 | Create | Villager (Male) |
| 10:43 | Age | Feudal Age |
| 10:50 | Create | Villager (Male) |
| 11:12 | Build | Stone Wall |
| 11:40 | Build | Gate |
| 12:07 | Create | Villager (Male) |
| 12:07 | Create | Villager (Male) |
| 12:43 | Build | Barracks |
| 12:51 | Build | Mill |
| 12:56 | Create | Villager (Male) |
| 13:01 | Create | Villager (Male) |
| 13:02 | Create | Villager (Male) |
| 13:52 | Create | Villager (Male) |
| 14:00 | Build | Mill |
| 14:30 | Build | Watch Tower |
| 14:36 | Create | Villager (Male) |
| 14:53 | Create | Villager (Male) |
| 15:12 | Build | Barracks |
| 15:29 | Create | Villager (Male) |
| 15:34 | Build | Mining Camp |
| 15:35 | Create | Villager (Male) |
| 15:43 | Build | Market |
| 15:47 | Build | Blacksmith |
| 15:50 | Research | Man-at-Arms (upgrade) |
| 15:51 | Research | Arson |
| 15:53 | Create | Militia |
| 15:53 | Create | Militia |
| 15:54 | Create | Militia |
| 16:14 | Build | Farm |
| 16:24 | Build | Farm |
| 16:26 | Build | Farm |
| 17:00 | Create | Militia |
| 17:00 | Create | Militia |
| 17:01 | Create | Militia |
| 17:13 | Build | Farm |
| 17:15 | Create | Villager (Male) |
| 17:17 | Create | Villager (Male) |
| 17:24 | Create | Militia |
| 17:31 | Create | Villager (Male) |
| 17:46 | Create | Militia |
| 17:47 | Create | Militia |
| 17:53 | Build | Farm |
| 18:00 | Build | Lumber Camp |
| 18:17 | Create | Villager (Male) |
| 18:20 | Build | Farm |
| 18:22 | Create | Villager (Male) |
| 18:30 | Build | Farm |
| 19:01 | Build | Farm |
| 19:02 | Build | Farm |
| 19:26 | Build | Mining Camp |
| 19:30 | Build | Farm |
| 19:31 | Create | Villager (Male) |
| 19:58 | Create | Villager (Male) |
| 20:03 | Build | Farm |
| 20:08 | Create | Villager (Male) |
| 20:28 | Build | Farm |
| 20:32 | Create | Villager (Male) |
| 20:54 | Build | Farm |
| 21:17 | Build | Farm |
| 21:41 | Research | Castle Age |
| 21:42 | Research | Castle Age |
| 22:59 | Research | Double-Bit Axe |
| 22:59 | Research | Double-Bit Axe |
| 23:31 | Create | Villager (Male) |
| 23:31 | Create | Villager (Male) |
| 24:21 | Age | Castle Age |
| 24:56 | Build | Castle |
| 25:02 | Build | Stable |
| 25:04 | Build | Stable |
| 25:11 | Build | Stone Wall |
| 25:58 | Create | Knight |
| 25:58 | Create | Knight |
| 25:59 | Create | Knight |
| 26:05 | Build | Farm |
| 26:06 | Build | Farm |
| 26:08 | Create | Villager (Male) |
| 26:08 | Create | Villager (Male) |
| 26:09 | Create | Villager (Male) |
| 26:19 | Create | Knight |
| 26:48 | Build | Farm |
| 26:50 | Build | Farm |
| 27:27 | Create | Knight |
| 27:27 | Create | Knight |
| 27:28 | Create | Knight |
| 27:36 | Build | Siege Workshop |
| 27:55 | Build | Castle |
| 28:09 | Create | Villager (Male) |
| 28:12 | Build | Farm |
| 28:18 | Create | Villager (Male) |
| 28:28 | Build | Town Center |
| 29:07 | Create | Villager (Male) |
| 29:07 | Create | Villager (Male) |
| 29:09 | Create | Villager (Male) |
| 29:15 | Create | Knight ×2 |
| 29:15 | Create | Knight ×2 |
| 29:34 | Build | Siege Workshop |
| 29:43 | Create | Petard |
| 29:43 | Create | Petard |
| 29:58 | Build | Stone Wall |
| 30:00 | Build | Stone Wall |
| 30:08 | Build | Gate |
| 30:11 | Create | Villager (Male) |
| 30:11 | Create | Villager (Male) |
| 30:12 | Create | Villager (Male) |
| 30:13 | Create | Villager (Male) |
| 30:16 | Create | Villager (Male) |
| 30:17 | Create | Villager (Male) |
| 30:17 | Create | Villager (Male) |
| 30:17 | Create | Villager (Male) |
| 30:18 | Create | Villager (Male) |
| 30:53 | Create | Knight ×4 |
| 30:54 | Create | Knight ×4 |
| 31:09 | Create | Battering Ram |
| 31:35 | Create | Knight ×2 |
| 31:35 | Create | Knight ×2 |
| 31:40 | Research | Husbandry |
| 31:47 | Research | Scale Barding Armor |
| 31:47 | Research | Forging |
| 31:55 | Create | Villager (Male) |
| 31:56 | Create | Villager (Male) |
| 31:56 | Create | Villager (Male) |
| 31:57 | Create | Villager (Male) |
| 31:57 | Create | Villager (Male) |
| 31:57 | Create | Villager (Male) |
Build order — Manav711
First 150 of 165 actions detected
| 0:05 | Create | Villager (Male) |
| 0:05 | Research | Loom |
| 0:06 | Create | Villager (Male) |
| 0:06 | Create | Villager (Male) |
| 0:06 | Create | Villager (Male) |
| 0:06 | Create | Villager (Male) |
| 0:10 | Build | House |
| 0:12 | Build | House |
| 2:11 | Create | Villager (Male) |
| 2:11 | Create | Villager (Male) |
| 2:40 | Build | Palisade Wall |
| 3:03 | Build | Palisade Gate |
| 3:03 | Create | Villager (Male) |
| 3:04 | Create | Villager (Male) |
| 3:50 | Create | Villager (Male) |
| 3:50 | Create | Villager (Male) |
| 4:19 | Create | Villager (Male) |
| 4:39 | Build | House |
| 4:50 | Build | Farm |
| 4:53 | Create | Villager (Male) |
| 4:59 | Create | Villager (Male) |
| 5:31 | Create | Villager (Male) |
| 5:56 | Create | Villager (Male) |
| 6:11 | Create | Villager (Male) |
| 6:57 | Build | House |
| 7:36 | Create | Villager (Male) |
| 7:36 | Create | Villager (Male) |
| 8:19 | Create | Villager (Male) |
| 8:19 | Create | Villager (Male) |
| 8:55 | Create | Villager (Male) |
| 9:18 | Build | Mill |
| 9:50 | Create | Villager (Male) |
| 9:50 | Create | Villager (Male) |
| 10:09 | Build | Lumber Camp |
| 10:50 | Build | Mill |
| 10:54 | Create | Villager (Male) |
| 11:02 | Build | House |
| 11:29 | Create | Villager (Male) |
| 12:04 | Build | Farm |
| 12:21 | Research | Feudal Age |
| 12:22 | Create | Villager (Male) |
| 12:28 | Build | Mill |
| 13:41 | Build | House |
| 13:44 | Build | House |
| 13:46 | Build | House |
| 14:31 | Age | Feudal Age |
| 14:57 | Create | Villager (Male) |
| 14:59 | Research | Double-Bit Axe |
| 15:09 | Research | Horse Collar |
| 16:11 | Create | Villager (Male) |
| 16:12 | Create | Villager (Male) |
| 16:42 | Build | Mining Camp |
| 16:59 | Create | Villager (Male) |
| 17:04 | Create | Villager (Male) |
| 17:05 | Create | Villager (Male) |
| 17:45 | Build | Mining Camp |
| 18:22 | Research | Castle Age |
| 18:24 | Create | Villager (Male) |
| 18:32 | Create | Villager (Male) |
| 19:04 | Build | Stable |
| 19:08 | Build | Stable |
| 19:28 | Build | Farm |
| 19:33 | Build | Farm |
| 19:55 | Build | Stone Wall |
| 20:02 | Build | Gate |
| 20:19 | Create | Villager (Male) |
| 20:39 | Build | Farm |
| 20:42 | Build | Farm |
| 20:43 | Build | Farm |
| 21:02 | Age | Castle Age |
| 21:09 | Research | Husbandry |
| 21:31 | Build | Town Center |
| 21:59 | Build | Monastery |
| 22:14 | Build | Blacksmith |
| 22:17 | Create | Villager (Male) |
| 22:18 | Create | Villager (Male) |
| 22:30 | Create | Villager (Male) |
| 22:33 | Build | Farm |
| 22:40 | Create | Villager (Male) |
| 22:40 | Create | Villager (Male) |
| 23:13 | Create | Villager (Male) |
| 23:26 | Build | Farm |
| 23:31 | Build | Farm |
| 23:33 | Build | Farm |
| 23:39 | Build | House |
| 23:42 | Build | House |
| 23:44 | Build | House |
| 23:52 | Create | Villager (Male) |
| 23:52 | Create | Villager (Male) |
| 23:56 | Create | Monk |
| 24:16 | Create | Villager (Male) |
| 24:29 | Create | Villager (Male) |
| 24:32 | Create | Villager (Male) |
| 24:32 | Create | Villager (Male) |
| 24:38 | Build | Farm |
| 25:26 | Build | Castle |
| 25:33 | Create | Villager (Male) |
| 25:34 | Create | Villager (Male) |
| 26:04 | Build | Town Center |
| 26:08 | Research | Heavy Plow |
| 26:16 | Research | Bow Saw |
| 26:45 | Research | Fletching |
| 26:53 | Build | University |
| 27:12 | Build | Siege Workshop |
| 27:26 | Create | Battle Elephant |
| 27:50 | Create | Mangonel |
| 28:07 | Create | Villager (Male) |
| 28:07 | Create | Villager (Male) |
| 28:07 | Create | Villager (Male) |
| 28:21 | Research | Ballistics |
| 28:41 | Create | Mangonel |
| 28:54 | Build | Mining Camp |
| 29:05 | Create | Villager (Male) |
| 29:05 | Create | Villager (Male) |
| 29:57 | Create | Mangonel |
| 30:24 | Create | Villager (Male) |
| 30:25 | Create | Villager (Male) |
| 30:32 | Create | Ballista Elephant |
| 30:32 | Create | Ballista Elephant |
| 31:30 | Build | Siege Workshop |
| 31:33 | Build | Siege Workshop |
| 31:35 | Build | Siege Workshop |
| 31:39 | Build | Archery Range |
| 31:42 | Build | Archery Range |
| 31:55 | Build | Mining Camp |
| 32:04 | Create | Villager (Male) |
| 32:04 | Create | Villager (Male) |
| 32:05 | Create | Villager (Male) |
| 32:19 | Create | Ballista Elephant |
| 32:54 | Create | Mangonel |
| 33:01 | Create | Mangonel |
| 33:18 | Create | Villager (Male) |
| 33:18 | Create | Villager (Male) |
| 33:19 | Create | Villager (Male) |
| 34:37 | Create | Villager (Male) |
| 34:37 | Create | Villager (Male) |
| 34:37 | Create | Villager (Male) |
| 34:49 | Build | Archery Range |
| 34:51 | Build | Archery Range |
| 34:57 | Create | Villager (Male) |
| 34:57 | Create | Villager (Male) |
| 34:57 | Create | Villager (Male) |
| 35:09 | Build | Archery Range |
| 35:12 | Build | Archery Range |
| 35:37 | Research | Elite Skirmisher (upgrade) |
| 35:38 | Create | Skirmisher |
| 35:38 | Create | Skirmisher |
| 35:44 | Research | Bodkin Arrow |
| 35:54 | Build | Farm |
| 35:57 | Build | Farm |
Build order — 阿家
First 150 of 326 actions detected
| 0:02 | Create | Villager (Male) |
| 0:02 | Create | Villager (Male) |
| 0:02 | Create | Villager (Male) |
| 0:03 | Build | House |
| 0:04 | Build | House |
| 0:21 | Create | Villager (Male) |
| 0:21 | Create | Villager (Male) |
| 1:38 | Create | Villager (Male) |
| 1:38 | Create | Villager (Male) |
| 2:06 | Create | Villager (Male) |
| 2:06 | Create | Villager (Male) |
| 2:23 | Create | Villager (Male) |
| 2:37 | Build | Lumber Camp |
| 2:47 | Create | Villager (Male) |
| 2:48 | Create | Villager (Male) |
| 3:08 | Create | Villager (Male) |
| 3:08 | Create | Villager (Male) |
| 3:15 | Build | House |
| 3:36 | Create | Villager (Male) |
| 3:36 | Create | Villager (Male) |
| 4:04 | Create | Villager (Male) |
| 4:32 | Build | House |
| 4:50 | Create | Villager (Male) |
| 4:50 | Create | Villager (Male) |
| 4:50 | Create | Villager (Male) |
| 5:19 | Build | Mill |
| 5:52 | Create | Villager (Male) |
| 6:17 | Create | Villager (Male) |
| 7:05 | Create | Villager (Male) |
| 7:05 | Create | Villager (Male) |
| 7:05 | Create | Villager (Male) |
| 7:17 | Build | House |
| 7:45 | Build | Mill |
| 7:46 | Create | Villager (Male) |
| 7:47 | Create | Villager (Male) |
| 7:58 | Create | Villager (Male) |
| 8:06 | Build | Farm |
| 9:07 | Build | Mining Camp |
| 9:12 | Research | Feudal Age |
| 10:17 | Build | House |
| 11:09 | Build | Mining Camp |
| 11:15 | Build | Mining Camp |
| 11:16 | Create | Villager (Male) |
| 11:18 | Create | Villager (Male) |
| 11:22 | Age | Feudal Age |
| 11:28 | Build | Blacksmith |
| 11:32 | Build | Market |
| 12:07 | Build | Farm |
| 12:40 | Build | Barracks |
| 13:48 | Research | Castle Age |
| 13:55 | Research | Double-Bit Axe |
| 14:17 | Research | Horse Collar |
| 15:49 | Build | House |
| 15:51 | Build | House |
| 16:28 | Age | Castle Age |
| 16:45 | Build | Castle |
| 17:09 | Build | Town Center |
| 17:14 | Create | Villager (Male) |
| 17:15 | Create | Villager (Male) |
| 17:15 | Create | Villager (Male) |
| 17:15 | Create | Villager (Male) |
| 18:01 | Create | Villager (Male) |
| 18:01 | Create | Villager (Male) |
| 18:01 | Create | Villager (Male) |
| 18:10 | Build | Farm |
| 18:14 | Build | Farm |
| 18:54 | Build | Farm |
| 19:05 | Create | Villager (Male) |
| 19:06 | Create | Villager (Male) |
| 19:09 | Build | Farm |
| 19:16 | Build | Farm |
| 19:31 | Build | Farm |
| 19:51 | Build | Mining Camp |
| 19:59 | Create | Villager (Male) |
| 19:59 | Create | Villager (Male) |
| 20:09 | Create | Villager (Male) |
| 20:16 | Build | Farm |
| 20:23 | Build | Farm |
| 20:35 | Build | Farm |
| 20:39 | Create | Villager (Male) |
| 20:41 | Create | Villager (Male) |
| 20:41 | Create | Villager (Male) |
| 21:01 | Create | Genoese Crossbowman |
| 21:01 | Create | Genoese Crossbowman |
| 21:08 | Create | Villager (Male) |
| 21:08 | Create | Villager (Male) |
| 21:16 | Create | Villager (Male) |
| 21:16 | Create | Villager (Male) |
| 21:34 | Build | Farm |
| 21:36 | Build | Farm |
| 21:43 | Build | Farm |
| 21:48 | Create | Villager (Male) |
| 21:48 | Create | Villager (Male) |
| 21:49 | Create | Villager (Male) |
| 22:16 | Create | Villager (Male) |
| 22:18 | Create | Villager (Male) |
| 22:18 | Create | Villager (Male) |
| 22:27 | Build | Siege Workshop |
| 22:31 | Create | Villager (Male) |
| 22:31 | Create | Villager (Male) |
| 22:44 | Build | Farm |
| 22:45 | Create | Villager (Male) |
| 22:45 | Create | Villager (Male) |
| 22:54 | Build | Farm |
| 23:07 | Research | Bow Saw |
| 23:10 | Create | Genoese Crossbowman |
| 23:10 | Create | Genoese Crossbowman |
| 23:45 | Build | Farm |
| 23:46 | Build | Farm |
| 23:59 | Create | Villager (Male) |
| 23:59 | Create | Villager (Male) |
| 23:59 | Create | Villager (Male) |
| 23:59 | Create | Villager (Male) |
| 24:00 | Create | Villager (Male) |
| 24:00 | Create | Villager (Male) |
| 24:08 | Create | Villager (Male) |
| 24:09 | Create | Villager (Male) |
| 24:12 | Create | Battering Ram |
| 24:16 | Create | Genoese Crossbowman |
| 24:16 | Create | Genoese Crossbowman |
| 24:16 | Create | Genoese Crossbowman |
| 24:16 | Create | Genoese Crossbowman |
| 24:17 | Create | Genoese Crossbowman |
| 24:25 | Create | Villager (Male) |
| 24:29 | Create | Genoese Crossbowman |
| 24:30 | Create | Genoese Crossbowman |
| 24:48 | Build | Farm |
| 24:50 | Research | Gold Mining |
| 24:53 | Create | Villager (Male) |
| 24:53 | Create | Villager (Male) |
| 24:54 | Create | Villager (Male) |
| 25:03 | Build | Farm |
| 25:04 | Create | Villager (Male) |
| 25:17 | Create | Genoese Crossbowman |
| 25:17 | Create | Genoese Crossbowman |
| 25:25 | Create | Genoese Crossbowman |
| 25:26 | Create | Genoese Crossbowman |
| 26:21 | Build | Town Center |
| 26:22 | Create | Villager (Male) |
| 26:23 | Create | Villager (Male) |
| 26:23 | Create | Villager (Male) |
| 26:23 | Create | Villager (Male) |
| 26:23 | Create | Villager (Male) |
| 26:26 | Build | House |
| 26:27 | Build | House |
| 26:27 | Build | House |
| 26:28 | Build | House |
| 26:31 | Create | Villager (Male) |
| 26:31 | Create | Villager (Male) |
| 26:32 | Create | Villager (Male) |
Build order — chefammann
128 actions detected in the replay
| 0:09 | Build | House |
| 0:12 | Build | House |
| 1:06 | Build | House |
| 1:07 | Create | Villager (Male) |
| 1:08 | Create | Villager (Male) |
| 1:08 | Create | Villager (Male) |
| 1:08 | Create | Villager (Male) |
| 1:09 | Create | Villager (Male) |
| 1:09 | Create | Villager (Male) |
| 2:29 | Build | Palisade Wall |
| 4:15 | Create | Villager (Male) |
| 4:15 | Create | Villager (Male) |
| 4:15 | Create | Villager (Male) |
| 4:16 | Create | Villager (Male) |
| 5:41 | Build | Lumber Camp |
| 5:46 | Create | Villager (Male) |
| 5:47 | Create | Villager (Male) |
| 5:47 | Create | Villager (Male) |
| 5:47 | Create | Villager (Male) |
| 5:47 | Create | Villager (Male) |
| 7:11 | Build | House |
| 8:26 | Create | Villager (Male) |
| 8:26 | Create | Villager (Male) |
| 8:26 | Create | Villager (Male) |
| 8:27 | Research | Loom |
| 10:30 | Create | Villager (Male) |
| 10:30 | Create | Villager (Male) |
| 10:30 | Create | Villager (Male) |
| 10:31 | Create | Villager (Male) |
| 10:31 | Create | Villager (Male) |
| 10:31 | Create | Villager (Male) |
| 10:56 | Build | Mill |
| 12:15 | Create | Villager (Male) |
| 12:15 | Create | Villager (Male) |
| 12:16 | Create | Villager (Male) |
| 12:16 | Create | Villager (Male) |
| 12:16 | Create | Villager (Male) |
| 12:16 | Create | Villager (Male) |
| 12:17 | Create | Villager (Male) |
| 12:17 | Create | Villager (Male) |
| 12:17 | Create | Villager (Male) |
| 12:27 | Build | Lumber Camp |
| 14:18 | Build | Mill |
| 14:46 | Build | Barracks |
| 15:16 | Build | Barracks |
| 16:02 | Build | Mining Camp |
| 16:29 | Build | House |
| 16:32 | Build | House |
| 18:37 | Build | Palisade Wall |
| 18:50 | Build | Palisade Wall |
| 19:44 | Build | Mill |
| 19:48 | Research | Feudal Age |
| 19:59 | Build | Palisade Gate |
| 20:25 | Build | Palisade Wall |
| 20:44 | Build | Palisade Wall |
| 21:52 | Age | Feudal Age |
| 21:53 | Build | Barracks |
| 22:38 | Create | Villager (Male) |
| 22:39 | Create | Villager (Male) |
| 22:47 | Build | Blacksmith |
| 23:02 | Build | Mining Camp |
| 23:09 | Research | Horse Collar |
| 23:14 | Create | Villager (Male) |
| 23:14 | Create | Villager (Male) |
| 23:14 | Create | Villager (Male) |
| 23:47 | Build | Stable |
| 23:50 | Build | Stable |
| 24:07 | Build | Palisade Gate |
| 24:26 | Build | Farm |
| 24:31 | Build | Farm |
| 24:33 | Build | Farm |
| 24:34 | Build | Farm |
| 24:39 | Build | Farm |
| 24:43 | Build | Farm |
| 24:45 | Build | Farm |
| 24:50 | Create | Villager (Male) |
| 24:50 | Create | Villager (Male) |
| 24:50 | Create | Villager (Male) |
| 24:50 | Create | Villager (Male) |
| 24:51 | Create | Villager (Male) |
| 24:51 | Create | Villager (Male) |
| 25:41 | Research | Man-at-Arms (upgrade) |
| 25:59 | Build | Stone Wall |
| 26:50 | Build | House |
| 26:56 | Build | House |
| 27:00 | Build | House |
| 27:02 | Build | House |
| 27:18 | Build | Farm |
| 27:22 | Build | Farm |
| 27:30 | Build | Farm |
| 27:31 | Build | Farm |
| 27:37 | Build | Farm |
| 27:40 | Build | Farm |
| 27:45 | Create | Villager (Male) |
| 27:45 | Create | Villager (Male) |
| 27:47 | Create | Villager (Male) |
| 28:22 | Create | Spearman |
| 28:23 | Create | Spearman |
| 28:23 | Create | Spearman |
| 28:23 | Create | Spearman |
| 28:23 | Create | Spearman |
| 28:23 | Create | Spearman |
| 28:24 | Create | Spearman |
| 28:36 | Build | Market |
| 29:03 | Build | Mill |
| 29:23 | Build | House |
| 30:00 | Build | House |
| 30:12 | Build | Watch Tower |
| 31:15 | Research | Castle Age |
| 32:01 | Build | Mining Camp |
| 32:20 | Build | Stone Wall |
| 32:44 | Create | Scout Cavalry |
| 32:45 | Create | Scout Cavalry |
| 32:45 | Create | Scout Cavalry |
| 32:46 | Create | Scout Cavalry |
| 33:10 | Build | Gate |
| 33:40 | Age | Castle Age |
| 33:42 | Research | Scale Mail Armor |
| 33:43 | Research | Forging |
| 34:27 | Build | Stone Wall |
| 34:38 | Research | Pikeman (upgrade) |
| 35:03 | Create | Spearman |
| 35:03 | Create | Spearman |
| 35:03 | Create | Spearman |
| 35:03 | Create | Spearman |
| 35:04 | Create | Spearman |
| 35:04 | Create | Spearman |
| 35:04 | Create | Spearman |
Build order — shinyihe0311
First 150 of 190 actions detected
| 0:03 | Research | Loom |
| 0:05 | Build | House |
| 0:07 | Build | House |
| 1:08 | Build | Palisade Wall |
| 2:54 | Build | Palisade Wall |
| 4:22 | Create | Villager (Male) |
| 4:22 | Create | Villager (Male) |
| 4:23 | Create | Villager (Male) |
| 5:28 | Create | Villager (Male) |
| 5:29 | Create | Villager (Male) |
| 6:01 | Create | Villager (Male) |
| 6:01 | Create | Villager (Male) |
| 6:27 | Create | Villager (Male) |
| 6:28 | Create | Villager (Male) |
| 7:08 | Build | Palisade Wall |
| 7:32 | Create | Villager (Male) |
| 7:32 | Create | Villager (Male) |
| 7:58 | Create | Villager (Male) |
| 7:58 | Create | Villager (Male) |
| 8:59 | Create | Villager (Male) |
| 8:59 | Create | Villager (Male) |
| 9:53 | Create | Villager (Male) |
| 9:53 | Create | Villager (Male) |
| 10:59 | Build | Mill |
| 12:05 | Create | Villager (Male) |
| 12:05 | Create | Villager (Male) |
| 12:53 | Build | Palisade Wall |
| 12:57 | Build | Palisade Wall |
| 12:58 | Create | Villager (Male) |
| 13:34 | Create | Villager (Male) |
| 13:54 | Create | Villager (Male) |
| 13:54 | Create | Villager (Male) |
| 14:05 | Create | Villager (Male) |
| 14:05 | Create | Villager (Male) |
| 14:08 | Create | Villager (Male) |
| 14:08 | Create | Villager (Male) |
| 14:27 | Create | Villager (Male) |
| 14:27 | Create | Villager (Male) |
| 14:41 | Create | Villager (Male) |
| 14:44 | Create | Villager (Male) |
| 15:03 | Create | Villager (Male) |
| 15:03 | Create | Villager (Male) |
| 15:22 | Create | Villager (Male) |
| 15:36 | Build | Barracks |
| 15:38 | Create | Villager (Male) |
| 16:21 | Create | Villager (Male) |
| 16:21 | Create | Villager (Male) |
| 16:29 | Create | Villager (Male) |
| 16:30 | Create | Villager (Male) |
| 17:05 | Create | Villager (Male) |
| 17:06 | Create | Villager (Male) |
| 17:06 | Create | Villager (Male) |
| 17:07 | Create | Villager (Male) |
| 17:07 | Create | Villager (Male) |
| 17:15 | Create | Villager (Male) |
| 17:16 | Create | Villager (Male) |
| 17:25 | Build | Lumber Camp |
| 17:26 | Create | Villager (Male) |
| 17:57 | Create | Villager (Male) |
| 18:05 | Research | Feudal Age |
| 18:09 | Build | Barracks |
| 18:34 | Create | Villager (Male) |
| 18:50 | Create | Villager (Male) |
| 19:00 | Create | Villager (Male) |
| 19:23 | Build | Mining Camp |
| 19:24 | Create | Villager (Male) |
| 20:19 | Age | Feudal Age |
| 20:26 | Build | Archery Range |
| 20:28 | Create | Villager (Male) |
| 20:41 | Create | Villager (Male) |
| 20:51 | Research | Double-Bit Axe |
| 20:51 | Research | Double-Bit Axe |
| 21:16 | Create | Villager (Male) |
| 21:17 | Create | Villager (Male) |
| 21:20 | Create | Villager (Male) |
| 21:20 | Create | Villager (Male) |
| 21:21 | Create | Archer |
| 21:21 | Create | Archer |
| 21:25 | Build | House |
| 21:29 | Build | House |
| 21:30 | Build | House |
| 21:35 | Create | Villager (Male) |
| 21:46 | Create | Archer |
| 22:07 | Create | Archer |
| 22:07 | Create | Archer |
| 22:17 | Create | Archer |
| 22:34 | Build | Archery Range |
| 22:35 | Create | Villager (Male) |
| 22:40 | Create | Archer |
| 22:40 | Create | Archer |
| 22:50 | Create | Archer |
| 22:54 | Build | Blacksmith |
| 23:00 | Create | Villager (Male) |
| 23:22 | Build | Archery Range |
| 23:42 | Create | Archer |
| 23:42 | Create | Archer |
| 23:43 | Create | Villager (Male) |
| 23:48 | Research | Fletching |
| 24:11 | Create | Villager (Male) |
| 24:11 | Create | Villager (Male) |
| 24:15 | Research | Gold Mining |
| 25:16 | Create | Villager (Male) |
| 25:21 | Build | Lumber Camp |
| 25:23 | Create | Villager (Male) |
| 25:29 | Create | Archer |
| 25:29 | Create | Archer |
| 25:33 | Build | Archery Range |
| 25:36 | Create | Archer |
| 25:36 | Create | Archer |
| 25:38 | Create | Spearman |
| 25:56 | Build | House |
| 26:23 | Build | House |
| 26:24 | Build | House |
| 26:34 | Build | Farm |
| 26:34 | Build | Farm |
| 26:35 | Build | Farm |
| 26:35 | Build | Farm |
| 26:35 | Build | Farm |
| 26:35 | Build | Farm |
| 26:36 | Build | Farm |
| 27:08 | Build | Market |
| 27:33 | Build | House |
| 27:38 | Create | Archer |
| 27:39 | Create | Archer |
| 27:39 | Create | Archer |
| 28:23 | Create | Villager (Male) |
| 28:35 | Create | Villager (Male) |
| 28:42 | Build | Farm |
| 28:42 | Build | Farm |
| 28:42 | Build | Farm |
| 28:43 | Build | Farm |
| 28:43 | Build | Farm |
| 28:53 | Build | Stone Wall |
| 29:04 | Build | Gate |
| 29:12 | Build | House |
| 29:14 | Build | House |
| 29:18 | Create | Archer |
| 29:18 | Create | Archer |
| 29:18 | Create | Archer |
| 29:41 | Create | Villager (Male) |
| 29:42 | Create | Villager (Male) |
| 29:43 | Create | Villager (Male) |
| 30:06 | Create | Villager (Male) |
| 30:19 | Build | Farm |
| 30:31 | Create | Villager (Male) |
| 30:46 | Create | Villager (Male) |
| 31:05 | Build | Farm |
| 31:06 | Create | Villager (Male) |
| 31:08 | Create | Archer ×5 |
| 31:09 | Create | Villager (Male) |
Build order — 90_Archer
First 150 of 186 actions detected
| 0:03 | Build | House |
| 0:05 | Build | House |
| 0:06 | Create | Villager (Male) |
| 0:06 | Create | Villager (Male) |
| 0:07 | Create | Villager (Male) |
| 0:07 | Create | Villager (Male) |
| 0:07 | Create | Villager (Male) |
| 1:14 | Build | Palisade Wall |
| 1:37 | Build | Palisade Wall |
| 3:07 | Build | Lumber Camp |
| 3:29 | Create | Villager (Male) |
| 3:29 | Create | Villager (Male) |
| 3:30 | Create | Villager (Male) |
| 4:06 | Create | Villager (Male) |
| 4:06 | Create | Villager (Male) |
| 4:41 | Create | Villager (Male) |
| 4:56 | Create | Villager (Male) |
| 4:56 | Create | Villager (Male) |
| 5:58 | Build | Palisade Wall |
| 6:06 | Create | Villager (Male) |
| 6:06 | Create | Villager (Male) |
| 6:36 | Create | Villager (Male) |
| 7:15 | Research | Loom |
| 7:16 | Research | Loom |
| 8:03 | Create | Villager (Male) |
| 8:03 | Create | Villager (Male) |
| 8:03 | Create | Villager (Male) |
| 8:04 | Create | Villager (Male) |
| 8:09 | Build | House |
| 8:45 | Create | Villager (Male) |
| 8:55 | Build | House |
| 8:56 | Build | House |
| 9:30 | Create | Villager (Male) |
| 9:30 | Create | Villager (Male) |
| 9:57 | Build | Mill |
| 10:00 | Build | Mill |
| 10:06 | Build | House |
| 10:18 | Build | House |
| 10:25 | Build | Palisade Wall |
| 10:33 | Create | Villager (Male) |
| 10:33 | Create | Villager (Male) |
| 11:14 | Create | Villager (Male) |
| 11:14 | Create | Villager (Male) |
| 11:27 | Create | Villager (Male) |
| 12:11 | Create | Villager (Male) |
| 12:24 | Build | Farm |
| 12:34 | Build | Mining Camp |
| 12:53 | Create | Villager (Male) |
| 12:54 | Create | Villager (Male) |
| 13:36 | Create | Villager (Male) |
| 13:39 | Research | Feudal Age |
| 13:40 | Research | Feudal Age |
| 13:54 | Build | Mining Camp |
| 14:10 | Build | Mill |
| 15:35 | Build | Lumber Camp |
| 15:56 | Create | Villager (Male) |
| 15:56 | Create | Villager (Male) |
| 16:03 | Age | Feudal Age |
| 16:31 | Build | Market |
| 16:37 | Build | Blacksmith |
| 16:51 | Build | Farm |
| 16:54 | Create | Villager (Male) |
| 17:01 | Build | Farm |
| 17:14 | Build | Gate |
| 17:21 | Build | Stone Wall |
| 17:28 | Build | Farm |
| 17:30 | Create | Villager (Male) |
| 17:37 | Research | Double-Bit Axe |
| 17:54 | Research | Castle Age |
| 17:54 | Research | Castle Age |
| 19:05 | Research | Horse Collar |
| 19:09 | Research | Gold Mining |
| 19:09 | Research | Gold Mining |
| 19:14 | Research | Stone Mining |
| 19:22 | Build | Farm |
| 20:16 | Create | Trade Cart |
| 20:16 | Create | Trade Cart |
| 20:35 | Age | Castle Age |
| 21:05 | Create | Villager (Male) |
| 21:07 | Create | Villager (Male) |
| 21:17 | Build | Monastery |
| 21:42 | Research | Double-Bit Axe |
| 21:50 | Create | Villager (Male) |
| 22:03 | Build | Town Center |
| 22:17 | Create | Villager (Male) |
| 22:26 | Create | Monk |
| 23:04 | Build | Castle |
| 23:13 | Research | Wheelbarrow |
| 23:14 | Create | Villager (Male) |
| 23:15 | Create | Villager (Male) |
| 23:34 | Create | Villager (Male) |
| 23:34 | Create | Villager (Male) |
| 23:56 | Create | Villager (Male) |
| 24:27 | Build | Town Center |
| 24:36 | Build | Mining Camp |
| 24:39 | Create | Villager (Male) |
| 24:40 | Create | Villager (Male) |
| 24:40 | Create | Villager (Male) |
| 24:55 | Build | Farm |
| 25:00 | Build | Lumber Camp |
| 25:34 | Build | Gate |
| 25:39 | Build | Stone Wall |
| 25:45 | Build | Farm |
| 25:50 | Create | Villager (Male) |
| 25:50 | Create | Villager (Male) |
| 25:50 | Create | Villager (Male) |
| 25:50 | Create | Villager (Male) |
| 26:04 | Build | Farm |
| 26:05 | Build | Farm |
| 26:17 | Build | Farm |
| 26:18 | Build | Farm |
| 26:30 | Build | Farm |
| 26:36 | Build | Farm |
| 26:42 | Create | Villager (Male) |
| 26:43 | Create | Villager (Male) |
| 26:43 | Create | Villager (Male) |
| 27:01 | Build | Gate |
| 27:21 | Build | Gate |
| 27:25 | Build | Stone Wall |
| 27:30 | Create | Mameluke |
| 27:30 | Create | Mameluke |
| 27:31 | Create | Mameluke |
| 27:31 | Create | Mameluke |
| 27:31 | Create | Mameluke |
| 28:21 | Create | Mameluke |
| 28:22 | Create | Mameluke |
| 28:26 | Create | Villager (Male) |
| 28:26 | Create | Villager (Male) |
| 28:31 | Create | Villager (Male) |
| 28:31 | Create | Villager (Male) |
| 28:42 | Build | Barracks |
| 29:04 | Create | Villager (Male) |
| 29:05 | Create | Villager (Male) |
| 29:05 | Create | Villager (Male) |
| 29:05 | Create | Villager (Male) |
| 29:24 | Build | Siege Workshop |
| 30:10 | Create | Battering Ram |
| 30:10 | Create | Battering Ram |
| 30:31 | Build | Stable |
| 30:32 | Build | Stable |
| 30:35 | Create | Mameluke |
| 30:36 | Create | Mameluke |
| 30:36 | Create | Mameluke |
| 30:36 | Create | Mameluke |
| 30:36 | Create | Mameluke |
| 30:43 | Create | Mameluke |
| 30:44 | Create | Mameluke |
| 30:44 | Create | Mameluke |
| 30:49 | Create | Villager (Male) |
| 30:50 | Create | Villager (Male) |
Build order — diorky86
First 150 of 274 actions detected
| 0:02 | Create | Villager (Male) |
| 0:02 | Create | Villager (Male) |
| 0:03 | Create | Villager (Male) |
| 0:03 | Create | Villager (Male) |
| 0:03 | Create | Villager (Male) |
| 0:05 | Build | House |
| 0:06 | Build | House |
| 1:32 | Create | Villager (Male) |
| 2:17 | Create | Villager (Male) |
| 3:44 | Create | Villager (Male) |
| 3:44 | Create | Villager (Male) |
| 3:44 | Create | Villager (Male) |
| 3:45 | Create | Villager (Male) |
| 3:45 | Create | Villager (Male) |
| 4:18 | Build | Palisade Wall |
| 4:25 | Create | Villager (Male) |
| 5:08 | Create | Villager (Male) |
| 5:35 | Create | Villager (Male) |
| 6:29 | Create | Villager (Male) |
| 6:43 | Create | Villager (Male) |
| 7:02 | Build | House |
| 7:05 | Create | Villager (Male) |
| 7:30 | Research | Loom |
| 7:35 | Create | Villager (Male) |
| 8:08 | Create | Villager (Male) |
| 8:13 | Build | House |
| 9:18 | Create | Villager (Male) |
| 9:18 | Create | Villager (Male) |
| 9:19 | Create | Villager (Male) |
| 9:26 | Build | Mill |
| 9:40 | Create | Villager (Male) |
| 9:40 | Create | Villager (Male) |
| 10:49 | Create | Villager (Male) |
| 10:54 | Create | Villager (Male) |
| 11:02 | Create | Villager (Male) |
| 11:23 | Build | House |
| 12:40 | Build | Lumber Camp |
| 12:58 | Create | Villager (Male) |
| 12:58 | Create | Villager (Male) |
| 12:58 | Create | Villager (Male) |
| 13:41 | Build | House |
| 14:02 | Create | Villager (Male) |
| 14:22 | Build | Mill |
| 14:36 | Create | Villager (Male) |
| 15:04 | Create | Villager (Male) |
| 15:24 | Create | Villager (Male) |
| 15:44 | Create | Villager (Male) |
| 15:50 | Build | Farm |
| 15:51 | Build | Farm |
| 15:51 | Build | Farm |
| 15:51 | Build | Farm |
| 15:51 | Build | Farm |
| 15:55 | Build | Farm |
| 15:58 | Research | Feudal Age |
| 16:04 | Build | Farm |
| 16:23 | Build | House |
| 16:31 | Build | Mining Camp |
| 17:10 | Build | Farm |
| 17:15 | Build | Farm |
| 17:20 | Build | Farm |
| 17:44 | Build | Farm |
| 18:20 | Build | House |
| 18:22 | Build | House |
| 18:29 | Age | Feudal Age |
| 18:30 | Create | Villager (Male) |
| 18:58 | Create | Villager (Male) |
| 19:06 | Build | Market |
| 19:21 | Build | House |
| 19:23 | Create | Villager (Male) |
| 19:36 | Build | Blacksmith |
| 19:45 | Create | Villager (Male) |
| 20:01 | Build | Barracks |
| 20:07 | Create | Villager (Male) |
| 20:28 | Research | Castle Age |
| 20:36 | Build | Mining Camp |
| 20:47 | Create | Villager (Male) |
| 21:15 | Build | Farm |
| 21:30 | Build | Archery Range |
| 21:32 | Build | Archery Range |
| 22:05 | Create | Villager (Male) |
| 22:54 | Build | House |
| 23:00 | Research | Double-Bit Axe |
| 23:06 | Research | Wheelbarrow |
| 23:08 | Create | Villager (Male) |
| 23:18 | Age | Castle Age |
| 23:24 | Build | University |
| 23:43 | Build | Town Center |
| 23:48 | Create | Villager (Male) |
| 24:34 | Create | Villager (Male) |
| 24:34 | Create | Villager (Male) |
| 24:35 | Create | Villager (Male) |
| 24:43 | Create | Villager (Male) |
| 25:31 | Create | Villager (Male) |
| 25:31 | Create | Villager (Male) |
| 25:39 | Build | Town Center |
| 25:44 | Create | Villager (Male) |
| 25:44 | Create | Villager (Male) |
| 25:54 | Build | Farm |
| 25:55 | Build | Farm |
| 25:58 | Build | Farm |
| 26:00 | Build | Farm |
| 26:27 | Build | Castle |
| 26:41 | Create | Villager (Male) |
| 26:42 | Create | Villager (Male) |
| 26:42 | Create | Villager (Male) |
| 27:06 | Build | Farm |
| 27:06 | Build | Farm |
| 27:08 | Create | Villager (Male) |
| 27:08 | Create | Villager (Male) |
| 27:25 | Build | Siege Workshop |
| 27:36 | Build | House |
| 27:38 | Build | House |
| 27:48 | Research | Chemistry |
| 27:57 | Build | Mining Camp |
| 28:16 | Build | Farm |
| 28:17 | Build | Farm |
| 28:18 | Build | Farm |
| 28:19 | Build | Farm |
| 28:19 | Build | Farm |
| 28:21 | Create | Villager (Male) |
| 28:22 | Create | Villager (Male) |
| 28:42 | Research | Elite Skirmisher (upgrade) |
| 28:55 | Build | Archery Range |
| 29:11 | Research | Horse Collar |
| 29:24 | Build | Lumber Camp |
| 29:27 | Create | Skirmisher |
| 29:27 | Create | Skirmisher |
| 29:28 | Create | Skirmisher |
| 29:28 | Create | Skirmisher |
| 29:28 | Create | Skirmisher |
| 29:34 | Create | Skirmisher |
| 29:37 | Create | Villager (Male) |
| 29:37 | Create | Villager (Male) |
| 29:37 | Create | Villager (Male) |
| 29:38 | Create | Villager (Male) |
| 29:38 | Create | Villager (Male) |
| 30:11 | Build | Farm |
| 30:15 | Create | Villager (Male) |
| 30:16 | Create | Villager (Male) |
| 30:16 | Create | Villager (Male) |
| 30:17 | Create | Villager (Male) |
| 30:27 | Build | Archery Range |
| 30:29 | Build | Archery Range |
| 30:32 | Create | Villager (Male) |
| 30:32 | Create | Villager (Male) |
| 30:37 | Build | Farm |
| 30:41 | Build | Farm |
| 30:50 | Create | Villager (Male) |
| 30:51 | Create | Villager (Male) |
| 30:59 | Build | Lumber Camp |
Match timeline
| 0:26 | BERLUj · wall_segment Palisade Wall x9 |
| 0:28 | BERLUj · wall_segment Palisade Wall x5 |
| 1:08 | shinyihe0311 · wall_segment Palisade Wall x7 |
| 1:14 | 90_Archer · wall_segment Palisade Wall x12 |
| 1:37 | 90_Archer · wall_segment Palisade Wall x7 |
| 1:44 | BERLUj · wall_segment Palisade Wall x6 |
| 1:46 | BERLUj · wall_segment Palisade Wall x9 |
| 2:29 | chefammann · wall_segment Palisade Wall x23 |
| 2:40 | Manav711 · wall_segment Palisade Wall x12 |
| 2:54 | shinyihe0311 · wall_segment Palisade Wall x31 |
| 4:18 | diorky86 · wall_segment Palisade Wall x16 |
| 5:58 | 90_Archer · wall_segment Palisade Wall x12 |
| 7:08 | shinyihe0311 · wall_segment Palisade Wall x4 |
| 10:25 | 90_Archer · wall_segment Palisade Wall x2 |
| 10:43 | 740784354 · age_up feudal |
| 11:12 | 740784354 · wall_segment Stone Wall x6 |
| 11:22 | 阿家 · age_up feudal |
| 12:28 | BERLUj · first_building Barracks |
| 12:40 | 阿家 · first_building Barracks |
| 12:43 | 740784354 · first_building Barracks |
| 12:53 | shinyihe0311 · wall_segment Palisade Wall x1 |
| 12:57 | shinyihe0311 · wall_segment Palisade Wall x1 |
| 13:04 | BERLUj · age_up feudal |
| 13:27 | 阿家 · first_market_buy 100 food |
| 14:31 | Manav711 · age_up feudal |
| 14:46 | chefammann · first_building Barracks |
| 15:31 | BERLUj · wall_segment Stone Wall x9 |
| 15:34 | BERLUj · wall_segment Stone Wall x16 |
| 15:36 | shinyihe0311 · first_building Barracks |
| 16:03 | 90_Archer · age_up feudal |
| 16:10 | 阿家 · first_market_sell 100 wood |
| 16:28 | 阿家 · age_up castle |
| 16:45 | 阿家 · first_building Castle |
| 17:21 | 90_Archer · wall_segment Stone Wall x12 |
| 17:39 | BERLUj · first_building Stable |
| 18:29 | diorky86 · age_up feudal |
| 18:37 | chefammann · wall_segment Palisade Wall x9 |
| 18:50 | chefammann · wall_segment Palisade Wall x14 |
| 19:04 | Manav711 · first_building Stable |
| 19:55 | Manav711 · wall_segment Stone Wall x11 |
| 20:01 | diorky86 · first_building Barracks |
| 20:19 | shinyihe0311 · age_up feudal |
| 20:25 | chefammann · wall_segment Palisade Wall x18 |
| 20:26 | shinyihe0311 · first_building Archery Range |
| 20:35 | 90_Archer · age_up castle |
| 20:44 | chefammann · wall_segment Palisade Wall x18 |
| 21:01 | 740784354 · first_market_buy 100 stone |
| 21:02 | Manav711 · age_up castle |
| 21:17 | 90_Archer · first_building Monastery |
| 21:30 | diorky86 · first_building Archery Range |
| 21:52 | chefammann · age_up feudal |
| 21:59 | Manav711 · first_building Monastery |
| 22:27 | 阿家 · first_building Siege Workshop |
| 22:33 | diorky86 · first_market_buy 100 wood |
| 23:04 | 90_Archer · first_building Castle |
| 23:18 | diorky86 · age_up castle |
| 23:47 | chefammann · first_building Stable |
| 24:21 | 740784354 · age_up castle |
| 24:56 | 740784354 · first_building Castle |
| 25:02 | 740784354 · first_building Stable |
| 25:11 | 740784354 · wall_segment Stone Wall x1 |
| 25:26 | Manav711 · first_building Castle |
| 25:39 | 90_Archer · wall_segment Stone Wall x5 |
| 25:59 | chefammann · wall_segment Stone Wall x1 |
| 26:27 | diorky86 · first_building Castle |
| 26:57 | BERLUj · age_up castle |
| 27:06 | BERLUj · first_building Castle |
| 27:12 | Manav711 · first_building Siege Workshop |
| 27:12 | BERLUj · first_building Monastery |
| 27:24 | BERLUj · first_building Siege Workshop |
| 27:25 | 90_Archer · wall_segment Stone Wall x7 |
| 27:25 | diorky86 · first_building Siege Workshop |
| 27:36 | 740784354 · first_building Siege Workshop |
| 28:42 | 90_Archer · first_building Barracks |
| 28:53 | shinyihe0311 · wall_segment Stone Wall x16 |
| 29:24 | 90_Archer · first_building Siege Workshop |
| 29:58 | 740784354 · wall_segment Stone Wall x7 |
| 30:00 | 740784354 · wall_segment Stone Wall x1 |
| 30:31 | 90_Archer · first_building Stable |
| 31:16 | shinyihe0311 · first_market_buy 100 food |
| 31:18 | shinyihe0311 · first_market_sell 500 wood |
| 31:39 | Manav711 · first_building Archery Range |
| 32:20 | chefammann · wall_segment Stone Wall x14 |
| 33:40 | chefammann · age_up castle |
| 34:27 | chefammann · wall_segment Stone Wall x6 |
| 34:52 | shinyihe0311 · age_up castle |
| 34:53 | 阿家 · first_building Monastery |
| 35:17 | chefammann · resign |
| 35:37 | shinyihe0311 · first_building Siege Workshop |
[ AI ANALYSIS · 1 CREDIT ]
What really happened in this match?
Wolo.gg analyzes every decision: build order, eco, micro, common mistakes by bracket. Personalized analysis on WhatsApp or Discord in 30 seconds.
Civ guide
Turks
Map guide
Black Forest
Perfil
BERLUj